 Seeded DCSS version 0.26.1-11-gd32895ea62 (webtiles) character file.

Game seed: 9619057210696626640 (custom seed)

69750 Renzlar the Blocker (level 15, 120/120 HPs)
             Began as a Gnoll Fighter on June 9, 2021.
             Was the Champion of Okawaru.
             Quit the game on level 12 of the Dungeon on June 10, 2021.
             The game lasted 01:18:25 (16762 turns).

Renzlar the Blocker (Gnoll Fighter)                Turns: 16762, Time: 01:18:26

Health: 120/120    AC: 19    Str: 28    XL:     15   Next: 31%
Magic:  28/28      EV: 15    Int: 14    God:    Okawaru [******]
Gold:   1299       SH: 14    Dex: 19    Spells: 33/33 levels left

rFire    . . .     SeeInvis .   c - +1 hunting sling (flame)
rCold    . . .     Faith    .   X - +0 kite shield
rNeg     . . .     Spirit   .   q - +0 chain mail
rPois    .         Reflect  .   M - +0 hat {Will+}
rElec    .         Harm     .   B - +2 cloak {rCorr}
rCorr    +         Rampage  .   S - +0 pair of gloves {Dex+3}
Will     +++..                  Q - +1 pair of boots
Stlth    ++........             A - amulet of regeneration
HPRegen  1.10/turn              G - ring of willpower
MPRegen  0.21/turn              r - +6 ring of strength

@: no status effects
A: distributed training, antennae 1, fangs 1, agile 1, regeneration 1,
MP-powered wands, strong nose
a: Renounce Religion, Heroism, Finesse


You were on level 12 of the Dungeon.
You worshipped Okawaru.
Okawaru was exalted by your worship.
You visited 3 branches of the dungeon, and saw 19 of its levels.

You collected 1299 gold pieces.

Inventory:

Hand Weapons
 a - the +9 broad axe of Honour {vorpal, rElec rF+}
   (You found it on level 6 of the Dungeon)

   It inflicts extra damage upon your enemies.
   It protects you from fire.
   It insulates you from electricity.
 b - the +10 morningstar "Eos" {elec, Halo rElec}
   (You found it on level 3 of the Dungeon)

   Occasionally, upon striking a foe, it can discharge electrical energy and
   cause terrible harm.
   It insulates you from electricity.
 c - a +1 hunting sling of flaming (weapon)
 d - a +1 hand crossbow
 m - the +9 rapier "Lioq" {vorpal, +Rage Will+ Int+6}
   (You found it on level 11 of the Dungeon)

   It inflicts extra damage upon your enemies.
   It affects your intelligence (+6).
   It affects your willpower, your defense against some magical effects.
   It lets you go berserk.
Missiles
 e - 468 stones (quivered ammo)
 g - 87 poisoned darts
 i - 22 boomerangs
 n - 132 sling bullets
 o - 141 bolts
Armour
 q - a +0 chain mail (worn)
 s - a +0 scale mail
 B - a +2 cloak of preservation (worn)
 M - a +0 hat of willpower (worn)
 Q - a +1 pair of boots (worn)
 S - a +0 pair of gloves of dexterity (worn)
 X - a +0 kite shield (worn)
Jewellery
 r - a +6 ring of strength (right hand)
 x - an uncursed ring of resist corrosion
 A - an amulet of regeneration (around neck)
 G - a ring of willpower (left hand)
 V - the ring of the Fool {Will+ MP+9 Stlth-}
   (You found it on level 6 of the Lair of Beasts)

   [ring of attention]

   It affects your willpower, your defense against some magical effects.
   It affects your magic capacity (+9).
   It makes you less stealthy.
Wands
 y - a wand of paralysis (30)
 E - a wand of disintegration (18)
 J - a wand of enslavement (5)
 L - a wand of iceblast (26)
 R - a wand of acid (5)
 U - a wand of digging (7)
Scrolls
 f - a scroll of identify
 h - 8 scrolls of remove curse
 j - 12 scrolls of teleportation
 p - 2 scrolls of magic mapping
 u - 2 scrolls of fog
 w - 3 scrolls of enchant armour
 I - a scroll of amnesia
 T - 4 scrolls of fear
 Y - a scroll of brand weapon {unknown}
 Z - a scroll of blinking
Potions
 k - 2 potions of flight
 l - 2 potions of mutation
 t - 3 potions of heal wounds
 v - 5 potions of curing {unknown}
 z - 3 potions of cancellation {unknown}
 C - 4 potions of might
 D - 3 potions of magic
 F - 2 potions of resistance
 K - 2 potions of haste {unknown}
 N - a potion of degeneration {unknown}
 O - 2 potions of lignification {unknown}
 P - a potion of ambrosia {unknown}
 W - 2 potions of attraction {unknown}
Miscellaneous
 H - a condenser vane


   Skills:
 + Level 11.7 Fighting
 + Level 9.9 Short Blades
 + Level 9.9 Long Blades
 + Level 10.9 Axes
 + Level 9.9 Maces & Flails
 + Level 9.9 Polearms
 + Level 9.9 Staves
 + Level 9.9 Slings
 + Level 9.9 Bows
 + Level 9.9 Crossbows
 + Level 9.9 Throwing
 + Level 11.7 Armour
 + Level 9.9 Dodging
 + Level 9.9 Stealth
 + Level 11.7 Shields
 + Level 9.9 Unarmed Combat
 + Level 9.9 Spellcasting
 + Level 8.3 Conjurations
 + Level 8.3 Hexes
 + Level 8.3 Summonings
 + Level 8.3 Necromancy
 + Level 8.3 Translocations
 + Level 8.3 Transmutations
 + Level 8.3 Fire Magic
 + Level 8.3 Ice Magic
 + Level 8.3 Air Magic
 + Level 8.3 Earth Magic
 + Level 8.3 Poison Magic
 + Level 10.8 Invocations
 + Level 9.9 Evocations


You had 33 spell levels left.
You didn't know any spells.
Your spell library contained the following spells:

 Spells                   Type           Power        Failure   Level
 Animate Skeleton         Necr           60%          1%          1
 Pain                     Necr           100%         1%          1
 Summon Small Mammal      Summ           100%         1%          1
 Call Imp                 Summ           30%          3%          2
 Call Canine Familiar     Summ           30%          6%          3
 Summon Guardian Golem    Hex/Summ       30%          6%          3
 Vampiric Draining        Necr           15%          6%          3
 Animate Dead             Necr           15%          21%         4
 Cause Fear               Hex            15%          21%         4
 Summon Ice Beast         Ice/Summ       30%          21%         4
 Summon Lightning Spire   Summ/Air       30%          21%         4
 Agony                    Necr           30%          50%         5
 Silence                  Hex/Air        15%          50%         5
 Yara's Violent Unravell  Hex/Tmut       15%          50%         5
 Discord                  Hex            15%          100%        8


Dungeon Overview and Level Annotations

Branches:
Dungeon (12/15)            Temple (1/1) D:4            Lair (6/6) D:9
 Shoals (0/4) Lair:3       Spider (0/4) Lair:4        Slime (0/5) Lair:6
    Orc (0/2) D:12

Altars:
Ashenzari
Cheibriados
Dithmenos
Elyvilon
Fedhas
Gozag
Hepliaklqana
Kikubaaqudgha
Makhleb
Nemelex Xobeh
Okawaru
Qazlal
Ru
Sif Muna
Trog
Uskayaw
Vehumet
Wu Jian
Xom
Yredelemnul
Zin
The Shining One
Jiyva

Shops:
D:9 !


Innate Abilities, Weirdness & Mutations

Your experience applies equally to all skills.
You have very sharp teeth.
Your uncanny sense of smell can sniff out nearby items.
You have a pair of small antennae on your head.
You are agile. (Dex +2)
Your natural rate of healing is unusually fast.
You expend magic power (3 MP) to strengthen your wands.


Message History

The +10 morningstar "Eos" {elec, Halo rElec} stops crackling.
Your +1 hunting sling of flaming bursts into flame!
c - a +1 hunting sling of flaming (weapon)
Things that are here:
a yak corpse; a yak corpse
e - 465 stones (gained 1)
e - 466 stones (gained 1)
e - 468 stones (gained 2)
Found a ring mail.
o - 141 bolts (gained 18)
You now have 1299 gold pieces (gained 20).
You see here a short sword.
Y - a scroll labelled XEUBIPHEVUC
Z - a scroll of blinking Saving game... please wait.
Welcome back, Renzlar the Gnoll Fighter.
Game seed: 9619057210696626640 (custom seed) Okawaru says: Bring me glory in combat!
Press ? for a list of commands and other information.
Are you sure you want to abandon this character and quit the game? (Confirm with "yes".)

##### .[... #####
#.. #.#
#.##########
#..........#
#..........#
##..........#
######.........[@#
.................#
####..........)..#
#.##.>........#
####..........#
#..........#
############


There were no monsters in sight!

Vanquished Creatures
  Gastronok (Lair:1)
  Harold (D:9)
  A catoblepas (Lair:3)
  A boulder beetle (Lair:3)
  13 hydras
  3 two-headed ogres
  A death yak (Lair:3)
  The ghost of oc3rt the Covert, a novice OpMo of Hepliaklqana (D:8)
  2 unseen horrors (D:11)
  Pikel (D:9)
  An oklob plant (Lair:6)
  2 ugly things
  A cyclops (D:11)
  20 elephants
  A torpor snail (Lair:4)
  2 black mambas
  11 cane toads
  A freezing wraith (D:12)
  10 komodo dragons
  A rime drake (Lair:3)
  5 polar bears
  3 trolls
  4 hornets
  9 blink frogs (Lair:4)
  6 slime creatures (D:12)
  9 dream sheep (Lair:6)
  Sigmund (D:5)
  A redback (Lair:4)
  11 spriggans (Lair:6)
  7 wyverns
  95 yaks
  3 basilisks (Lair:2)
  18 water moccasins
  2 ice beasts
  8 orc warriors
  7 black bears
  5 phantoms
  6 ogres
  28 wolves
  4 boggarts (Lair:6)
  8 centaurs
  26 bullfrogs
  A gnoll sergeant (D:8)
  2 wyvern skeletons
  4 scorpions
  8 killer bees
  11 electric eels
  4 howler monkeys
  A vampire bat (D:2)
  9 wights
  4 quasits (D:8)
  A bullfrog zombie (D:11)
  3 centaur zombies
  6 orc priests
  9 hounds
  2 jellies
  Crazy Yiuf (D:5)
  A centaur skeleton (D:9)
  15 orc wizards
  13 worker ants
  Ijyb (D:5)
  4 iguanas
  7 hell rats (Lair:2)
  A hound zombie (D:8)
  3 hound skeletons
  2 worker ant zombies
  16 gnolls
  13 adders
  A howler monkey skeleton (D:5)
  6 white imps
  3 ufetubi
  2 adder skeletons
  3 adder zombies
  A worm (D:3)
  4 dart slugs
  2 leopard geckos
  45 orcs
  5 ball pythons
  3 bats (D:3)
  A bat skeleton (D:2)
  4 bat zombies (D:2)
  2 giant cockroaches
  7 goblins
  3 hobgoblins
  14 jackals
  5 quokkas
  6 frilled lizards
  A jackal skeleton (D:5)
  6 kobolds
  2 quokka skeletons (D:4)
  2 quokka zombies
  4 rats
  A spectral orc (D:8)
  A bush (Lair:5)
617 creatures vanquished.

Vanquished Creatures (others)
  20 fungi
  24 plants
44 creatures vanquished.

Grand Total: 661 creatures vanquished

Notes
Turn   | Place    | Note
-------+----------+-------------------------------------------
     0 | D:1      | Renzlar the Gnoll Fighter began the quest for the Orb.
     0 | D:1      | Reached XP level 1. HP: 23/23 MP: 1/1
   159 | D:1      | Reached XP level 2. HP: 29/29 MP: 2/2
   179 | D:1      | Found a broken altar of Ashenzari.
   293 | D:1      | You fall into a shaft and drop 1 floor!
   376 | D:2      | Found a bloodstained altar of Trog.
   694 | D:2      | Reached XP level 3. HP: 35/35 MP: 3/3
   716 | D:2      | Found an ancient bone altar of Kikubaaqudgha.
   733 | D:2      | Reached skill level 1 in Short Blades
   733 | D:2      | Reached skill level 1 in Long Blades
   733 | D:2      | Reached skill level 1 in Maces & Flails
   733 | D:2      | Reached skill level 1 in Polearms
   733 | D:2      | Reached skill level 1 in Staves
   733 | D:2      | Reached skill level 1 in Slings
   733 | D:2      | Reached skill level 1 in Bows
   733 | D:2      | Reached skill level 1 in Crossbows
   733 | D:2      | Reached skill level 1 in Throwing
   733 | D:2      | Reached skill level 1 in Dodging
   733 | D:2      | Reached skill level 1 in Stealth
   733 | D:2      | Reached skill level 1 in Unarmed Combat
   733 | D:2      | Reached skill level 1 in Spellcasting
   733 | D:2      | Reached skill level 1 in Invocations
   733 | D:2      | Reached skill level 1 in Evocations
   733 | D:2      | Reached XP level 4. HP: 37/41 MP: 3/5
  1223 | D:3      | Found a transporter.
  1232 | D:3      | Found a sacrificial altar of Ru.
  1233 | D:3      | Found the +10 morningstar "Eos" {elec, Halo rElec}
  1233 | D:3      | Found a transporter.
  1317 | D:3      | Reached skill level 1 in Conjurations
  1317 | D:3      | Reached skill level 1 in Hexes
  1317 | D:3      | Reached skill level 1 in Summonings
  1317 | D:3      | Reached skill level 1 in Necromancy
  1317 | D:3      | Reached skill level 1 in Translocations
  1317 | D:3      | Reached skill level 1 in Transmutations
  1317 | D:3      | Reached skill level 1 in Fire Magic
  1317 | D:3      | Reached skill level 1 in Ice Magic
  1317 | D:3      | Reached skill level 1 in Air Magic
  1317 | D:3      | Reached skill level 1 in Earth Magic
  1317 | D:3      | Reached skill level 1 in Poison Magic
  1520 | D:3      | Reached XP level 5. HP: 47/47 MP: 6/6
  2346 | D:4      | Found a staircase to the Ecumenical Temple.
  2358 | Temple   | Entered the Ecumenical Temple
  2531 | D:4      | Noticed an ogre
  2535 | D:4      | Killed an ogre
  2536 | D:4      | Reached XP level 6. HP: 53/53 MP: 8/8
  2570 | D:4      | Reached skill level 5 in Axes
  2672 | D:4      | Noticed a phantom
  2681 | D:4      | Killed a phantom
  2735 | D:5      | Entered Level 5 of the Dungeon
  2740 | D:5      | Reached XP level 7. HP: 60/60 MP: 10/10
  2752 | D:5      | Noticed Ijyb
  2755 | D:5      | Paralysed by Ijyb for 2 turns
  2757 | D:5      | Killed Ijyb
  2947 | D:5      | Noticed Sigmund
  2949 | D:5      | Killed Sigmund
  2950 | D:5      | Reached XP level 8. HP: 67/67 MP: 12/12
  3318 | D:5      | Found a runed translucent door.
  3319 | D:5      | Noticed Crazy Yiuf
  3324 | D:5      | Killed Crazy Yiuf
  3735 | D:6      | Got a bone broad axe
  3735 | D:6      | Identified the +9 broad axe of Honour {vorpal, rElec rF+}
                  | (You found it on level 6 of the Dungeon)
  3920 | D:6      | Reached XP level 9. HP: 66/73 MP: 14/14
  4087 | D:6      | Found a hazy altar of Hepliaklqana.
  4535 | D:7      | Reached skill level 5 in Invocations
  4779 | D:7      | Found an ornate altar of the Wu Jian Council.
  4833 | D:7      | Reached XP level 10. HP: 75/80 MP: 17/17
  4908 | D:7      | Found a shimmering blue altar of Sif Muna.
  5219 | D:8      | Reached skill level 5 in Short Blades
  5219 | D:8      | Reached skill level 5 in Long Blades
  5219 | D:8      | Reached skill level 5 in Maces & Flails
  5219 | D:8      | Reached skill level 5 in Polearms
  5219 | D:8      | Reached skill level 5 in Staves
  5219 | D:8      | Reached skill level 5 in Slings
  5219 | D:8      | Reached skill level 5 in Bows
  5219 | D:8      | Reached skill level 5 in Crossbows
  5219 | D:8      | Reached skill level 5 in Throwing
  5219 | D:8      | Reached skill level 5 in Dodging
  5219 | D:8      | Reached skill level 5 in Stealth
  5219 | D:8      | Reached skill level 5 in Unarmed Combat
  5219 | D:8      | Reached skill level 5 in Spellcasting
  5219 | D:8      | Reached skill level 5 in Evocations
  5478 | D:8      | Found a transporter.
  5482 | D:8      | Noticed oc3rt's ghost (novice OpMo)
  5575 | D:8      | Found a transporter.
  5609 | D:8      | Killed oc3rt's ghost
  5648 | D:8      | Found an iron altar of Okawaru.
  5656 | D:8      | Became a worshipper of Warmaster Okawaru
  6008 | D:8      | Found a basalt altar of Yredelemnul.
  6095 | D:9      | Reached * piety under Okawaru
  6219 | D:9      | Reached XP level 11. HP: 66/87 MP: 19/19
  6221 | D:9      | Noticed Pikel
  6229 | D:9      | Killed Pikel
  6233 | D:9      | Reached skill level 5 in Conjurations
  6233 | D:9      | Reached skill level 5 in Hexes
  6233 | D:9      | Reached skill level 5 in Summonings
  6233 | D:9      | Reached skill level 5 in Necromancy
  6233 | D:9      | Reached skill level 5 in Translocations
  6233 | D:9      | Reached skill level 5 in Transmutations
  6233 | D:9      | Reached skill level 5 in Fire Magic
  6233 | D:9      | Reached skill level 5 in Ice Magic
  6233 | D:9      | Reached skill level 5 in Air Magic
  6233 | D:9      | Reached skill level 5 in Earth Magic
  6233 | D:9      | Reached skill level 5 in Poison Magic
  6319 | D:9      | Reached ** piety under Okawaru
  6417 | D:9      | Found a staircase to the Lair.
  6826 | D:9      | Found a hide-covered altar of Uskayaw.
  6835 | D:9      | Noticed a -3 dagger
  6835 | D:9      | Noticed a +0 hand axe
  6884 | D:9      | Noticed Harold
  6895 | D:9      | Killed Harold
  6931 | D:9      | Found Betsoere's Distillery.
  7106 | Lair:1   | Entered Level 1 of the Lair of Beasts
  7237 | Lair:1   | Noticed a five-headed hydra
  7269 | Lair:1   | Reached *** piety under Okawaru
  7282 | Lair:1   | Received a gift from Okawaru
  7323 | Lair:1   | Killed a five-headed hydra
  7335 | Lair:1   | Noticed Gastronok
  7346 | Lair:1   | Killed Gastronok
  7346 | Lair:1   | Received a gift from Okawaru
  7346 | Lair:1   | Reached **** piety under Okawaru
  7347 | Lair:1   | Reached XP level 12. HP: 37/96 MP: 20/22
  7469 | Lair:1   | Received a gift from Okawaru
  7594 | Lair:1   | Noticed a four-headed hydra
  7598 | Lair:1   | Killed a four-headed hydra
  7598 | Lair:1   | Reached ***** piety under Okawaru
  8170 | Lair:1   | Noticed a five-headed hydra
  8179 | Lair:1   | Killed a five-headed hydra
  8778 | Lair:2   | Noticed a six-headed hydra
  8788 | Lair:2   | Killed a six-headed hydra
  8788 | Lair:2   | Received a gift from Okawaru
  8867 | Lair:2   | Reached skill level 10 in Fighting
  8867 | Lair:2   | Reached skill level 10 in Armour
  8867 | Lair:2   | Reached skill level 10 in Shields
  9167 | Lair:2   | Received a gift from Okawaru
  9213 | Lair:2   | Noticed a six-headed hydra
  9248 | Lair:2   | Killed a six-headed hydra
  9720 | Lair:3   | Identified the +1 long sword "Holuneow" {vorpal, rC+ MP+9
                  | Int+4 Stlth+} (You found it on level 3 of the Lair of
                  | Beasts)
  9817 | Lair:3   | Noticed a catoblepas
  9838 | Lair:3   | Killed a catoblepas
  9881 | Lair:3   | Found a staircase to the Shoals.
  9907 | Lair:3   | Reached XP level 13. HP: 100/103 MP: 24/24
 10285 | Lair:3   | Received a gift from Okawaru
 10839 | Lair:4   | Reached ****** piety under Okawaru
 10892 | Lair:4   | Found a hole to the Spider Nest.
 10935 | Lair:4   | Received a gift from Okawaru
 11906 | Lair:4   | Received a gift from Okawaru
 12147 | Lair:5   | Reached XP level 14. HP: 111/111 MP: 26/26
 12175 | Lair:5   | Gained mutation: You are agile. (Dex +2) [potion of
                  | mutation]
 12175 | Lair:5   | Gained mutation: Your natural rate of healing is unusually
                  | fast. [potion of mutation]
 12175 | Lair:5   | Gained mutation: You expend magic power (3 MP) to
                  | strengthen your wands. [potion of mutation]
 12175 | Lair:5   | Gained mutation: You have a pair of small antennae on your
                  | head. [potion of mutation]
 12219 | Lair:5   | Reached skill level 10 in Axes
 12690 | Lair:5   | Received a gift from Okawaru
 12997 | Lair:6   | Entered Level 6 of the Lair of Beasts
 13178 | Lair:6   | Reached skill level 10 in Invocations
 13208 | Lair:6   | Got an ancient golden ring
 13210 | Lair:6   | Identified the ring of the Fool {Will+ MP+9 Stlth-} (You
                  | found it on level 6 of the Lair of Beasts)
 13695 | Lair:6   | Received a gift from Okawaru
 14040 | Lair:6   | Found a staircase to the Slime Pits.
 14041 | Lair:6   | Found a viscous altar of Jiyva.
 14687 | D:10     | Entered Level 10 of the Dungeon
 14867 | D:10     | Received a gift from Okawaru
 14870 | D:10     | Reached XP level 15. HP: 114/119 MP: 28/28
 15144 | D:10     | Identified the +0 leather armour "Kavvudaf" {-Tele rF++
                  | Stlth+} (You found it on level 10 of the Dungeon)
 15302 | D:10     | Found a shimmering blue altar of Sif Muna.
 15712 | D:11     | Identified the +9 rapier "Lioq" {vorpal, +Rage Will+ Int+6}
                  | (You found it on level 11 of the Dungeon)
 16461 | D:12     | Found a staircase to the Orcish Mines.
 16762 | D:12     | Quit the game

Illustrated notes

Levels and vault maps discovered:
D:1:      onia_arrival_pyramid, layout_basic, evilmike_ruin_ashenzari
D:2:      layout_loops_ring, nicolae_overflow_hidden_temple,
          kennysheep_vampire_church
D:3:      layout_loops_corners, gammafunk_temple_overflow_arena,
          minmay_misc_feat_tower, kennysheep_generic_room_9
D:4:      layout_cave_pools, minmay_temple_entry_glassed_door, serial_park
D:5:      layout_loops_ring, uniq_ijyb, uniq_sigmund, uniq_crazy_yiuf_cottage
D:6:      layout_gridville, kennysheep_mini
D:7:      layout_basic, lemuel_coloured_pillars_altar, lemuel_blue_sif_altar,
          minmay_misc_feat_x, st_stairs_5
D:8:      layout_cave_pools, yredelemnul_forgotten_temple_becter,
          lemuel_round_altar, gammafunk_ghost_stat_death
D:9:      layout_basic, dancing_weapons_uskayaw, erik_lair_island, serial_shops,
          kennysheep_little_box, kennysheep_generic_room_13, uniq_harold,
          uniq_pikel
D:10:     layout_long_grid, basic_altar
D:11:     layout_roguey
D:12:     layout_rooms, erik_orc_3
Temple:   nicolae_temple_god_jail
Lair:1:   layout_layer_cave, serial_rivers, chequers_serial_rivers_micro_e,
          chequers_serial_rivers_micro_d, chequers_serial_rivers_small_3,
          chequers_serial_rivers_micro_b, chequers_serial_rivers_marsh,
          chequers_serial_rivers_micro_d, lemuel_fruit_tree,
          serial_bayou_shore_b, grunt_megastairs_5, uniq_gastronok
Lair:2:   layout_cellular_growth, serial_bayou, serial_bayou_pond_c,
          serial_bayou_pond_b, serial_bayou_pond_e, serial_bayou_shore_a,
          chequers_serial_rivers_micro_a, lemuel_fruit_fields
Lair:3:   layout_regular_city, elwin_shoals_entry_rocks, beast_lair_carwin_1
Lair:4:   layout_cave_pods, spider_nest_entry_a, st_stairs_5
Lair:5:   layout_regular_city
Lair:6:   minmay_lair_end_enchanted_forest, layout_hall_layers, slime_altar_1,
          infiniplex_staircase_pool_2

Skill      XL: |  1  2  3  4  5  6  7  8  9 10 11 12 13 14 |
---------------+-------------------------------------------+-----
Short Blades   | 1 2 3 4 5 6 7 8 9 |  9.9
Long Blades    | 1 2 3 4 5 6 7 8 9 |  9.9
Maces & Flails | 1 2 3 4 5 6 7 8 9 |  9.9
Polearms       | 1 2 3 4 5 6 7 8 9 |  9.9
Staves         | 1 2 3 4 5 6 7 8 9 |  9.9
Slings         | 1 2 3 4 5 6 7 8 9 |  9.9
Bows           | 1 2 3 4 5 6 7 8 9 |  9.9
Crossbows      | 1 2 3 4 5 6 7 8 9 |  9.9
Throwing       | 1 2 3 4 5 6 7 8 9 |  9.9
Dodging        | 1 2 3 4 5 6 7 8 9 |  9.9
Stealth        | 1 2 3 4 5 6 7 8 9 |  9.9
Unarmed Combat | 1 2 3 4 5 6 7 8 9 |  9.9
Spellcasting   | 1 2 3 4 5 6 7 8 9 |  9.9
Invocations    | 1 2 3 4 5 6 7 8 9 10 | 10.8
Evocations     | 1 2 3 4 5 6 7 8 9 |  9.9
Conjurations   | 1 2 3 4 5 6 7 8 |  8.3
Hexes          | 1 2 3 4 5 6 7 8 |  8.3
Summonings     | 1 2 3 4 5 6 7 8 |  8.3
Necromancy     | 1 2 3 4 5 6 7 8 |  8.3
Translocations | 1 2 3 4 5 6 7 8 |  8.3
Transmutations | 1 2 3 4 5 6 7 8 |  8.3
Fire Magic     | 1 2 3 4 5 6 7 8 |  8.3
Ice Magic      | 1 2 3 4 5 6 7 8 |  8.3
Air Magic      | 1 2 3 4 5 6 7 8 |  8.3
Earth Magic    | 1 2 3 4 5 6 7 8 |  8.3
Poison Magic   | 1 2 3 4 5 6 7 8 |  8.3
Axes           | 5 6 7 8 9 10 | 10.9
Fighting       | 7 8 9 10 11 | 11.7
Armour         | 7 8 9 10 11 | 11.7
Shields        | 7 8 9 10 11 | 11.7

Action                   |  1- 3 |  4- 6 |  7- 9 | 10-12 | 13-15 || total
-------------------------+-------+-------+-------+-------+-------++-------
Melee: War axe           |    52 |    28 |       |       |       ||    80
       Bite              |     4 |     5 |    14 |    37 |   116 ||   176
       Morningstar       |       |    63 |   134 |   320 |   571 ||  1088
       Broad axe         |       |       |    20 |    33 |    74 ||   127
       Rapier            |       |       |       |       |     8 ||     8
 Fire: Hand crossbow     |       |       |     3 |    42 |    13 ||    58
       Hunting sling     |       |       |       |       |   220 ||   220
Throw: Boomerang         |       |       |    16 |    48 |    23 ||    87
Invok: Heroism           |       |       |       |     1 |     1 ||     2
  Use: Scroll            |       |     7 |     7 |     8 |     5 ||    27
       Potion            |       |       |       |       |     1 ||     1
 Stab: Petrified         |       |       |       |     2 |       ||     2
Armor: Scale mail        |    28 |       |       |       |       ||    28
       Chain mail        |       |    47 |    48 |   178 |   254 ||   527
Dodge: Dodged            |    15 |    11 |    39 |   194 |   340 ||   599
Block: Kite shield       |    33 |    51 |   106 |   272 |   483 ||   945
